 Dungeon Crawl Stone Soup version 0.23.0-3-gf3c87f2 (webtiles) character file.

Game seed: 149721810144258202

375 NormalPerson7T the Stinger (level 7, -3/36 HPs)
             Began as a Kobold Venom Mage on Feb 24, 2019.
             Killed by nerve-wracking pain
             ... invoked by Grinder
              (14 damage)
             ... on level 4 of the Dungeon.
             The game lasted 00:07:01 (4817 turns).

NormalPerson7T the Stinger (Kobold Venom Mage)      Turns: 4817, Time: 00:07:02

Health: -3/36      AC:  5    Str: 10    XL:     7   Next: 3%
Magic:  11/11      EV: 15    Int: 20    God:
Gold:   129        SH:  0    Dex: 16    Spells: 6/12 levels left

rFire    . . .     SeeInvis .   x - +2 short sword (flame)
rCold    . . .     Gourm    .   (shield restricted)
rNeg     . . .     Faith    .   a - +0 robe
rPois    .         Spirit   .   (no helmet)
rElec    .         Reflect  .   b - +2 cloak
rCorr    .         Harm     .   (no gloves)
MR       .....                  (no boots)
Stlth    +++.......             (no amulet)
HPRegen  0.12/turn              (no ring)
MPRegen  0.12/turn              (no ring)

@: mighty, hasted, invisible, very quick
A: small, carnivore, clever 1, screaming 1
a: no special abilities


You were on level 4 of the Dungeon.
You were very full.

You visited 2 branches of the dungeon, and saw 5 of its levels.

You collected 129 gold pieces.

Inventory:

Hand Weapons
 d - a +1 mace of holy wrath
 x - a +2 short sword of flaming (weapon)
Armour
 a - a +0 robe (worn)
 b - a +2 cloak (worn)
 o - a scarf of resistance
 p - a +0 buckler
Scrolls
 k - 3 scrolls of fog
 r - a scroll of remove curse
Potions
 c - a potion of curing
 h - 2 potions of heal wounds
 l - 2 potions of cancellation
 s - 2 potions of brilliance
 z - a potion of ambrosia {unknown}
Comestibles
 j - 7 rations


   Skills:
 - Level 2.4 Dodging
 + Level 4.1 Stealth
 + Level 3.1 Spellcasting
 * Level 3.3 Conjurations
 * Level 3.0 Air Magic
 * Level 4.5 Poison Magic


You had 6 spell levels left.
You knew the following spells:

 Your Spells              Type           Power        Failure   Level  Hunger
a - Sting                 Conj/Pois      ###.         2%          1    None
c - Mephitic Cloud        Conj/Pois/Air  ###.....     10%         3    ###....
v - Poisonous Vapours     Pois/Air       ###...       4%          2    ##.....

Your spell library contained the following spells:

 Spells                   Type           Power        Failure   Level  Hunger
 Olgreb's Toxic Radiance  Pois           ###.....     22%         4    ####...
 Venom Bolt               Conj/Pois      ###.......   61%         5    ######.


Dungeon Overview and Level Annotations

Branches:
Dungeon (4/15)             Temple (1/1) D:4

Altars:
Ashenzari
Cheibriados
Elyvilon
Fedhas
Gozag
Hepliaklqana
Kikubaaqudgha
Makhleb
Okawaru
Qazlal
Ru
Sif Muna
Trog
Vehumet
Wu Jian
Xom
Yredelemnul
Zin

Annotations:
D:4 Dowan, Grinder


Innate Abilities, Weirdness & Mutations

You are small and have problems with some larger weapons.
You are carnivorous and can eat meat at any time.
Your mind is acute. (Int +2)
You occasionally shout uncontrollably at your foes.


Message History

You aren't carrying any items that you can evoke.
Grinder gestures at you.
You struggle to resist.
Unknown command.
You feel very mighty all of a sudden.
Grinder says, "At least Makhleb appreciates what I'm doing."
Grinder gestures at you.
You suddenly lose the ability to move!
Grinder hits you!
You writhe in agony.
You can move again.
Unknown command.
It was a potion of mutation.
You feel extremely strange.
You feel the urge to shout.
You feel clever. Grinder hits you!
You writhe in agony.
It was a potion of haste.
You feel yourself speed up.
Grinder blinks!
It was a potion of invisibility.
You fade into invisibility!
Grinder gestures at you. Pain shoots through your body!
You die...

≈≈≈..≈......#. #..... ≈...≈..
#....###..... ....$..+..#...#...#
# ...........#.....# .##
........#####.>.#####..#
......#....#.....#....# .....
+...#...#...#..# ....
#.5....###.....# ...
#....@#.#.#....# ..
#...#...#......# .
#...##..#......#
###...##....#....#
.....#.....#....# #.
......#.....#....######.
#+##..##....#....'....#.
##########.##..##'####....#....#.
.#........†..........#....#....#.


You could see Grinder.

Vanquished Creatures
  Duvessa (D:4)
  A scorpion (D:3)
  A hound (D:4)
  3 worker ants (D:4)
  A hound skeleton (D:4)
  3 adders (D:3)
  An adder skeleton (D:4)
  A worm (D:2)
  3 dart slugs
  3 leopard geckos
  4 orcs (D:2)
  9 bats
  5 giant cockroaches
  5 goblins
  10 hobgoblins
  7 jackals
  3 kobolds
  3 quokkas (D:4)
  A ball python (D:4)
  5 frilled lizards
  8 rats
78 creatures vanquished.

Notes
Turn   | Place    | Note
-------+----------+-------------------------------------------
     0 | D:1      | NormalPerson7T the Kobold Venom Mage began the quest for
                  | the Orb.
     0 | D:1      | Reached XP level 1. HP: 10/10 MP: 3/3
   357 | D:1      | Reached XP level 2. HP: 15/15 MP: 0/5
   362 | D:1      | Learned a level 2 spell: Poisonous Vapours
  1020 | D:1      | Reached XP level 3. HP: 19/19 MP: 1/6
  1568 | D:2      | Learned a level 3 spell: Mephitic Cloud
  1703 | D:2      | Reached skill level 1 in Air Magic
  2010 | D:2      | Reached XP level 4. HP: 20/24 MP: 2/7
  3270 | D:3      | Reached XP level 5. HP: 28/28 MP: 2/9
  4017 | D:4      | Noticed Duvessa
  4023 | D:4      | Reached XP level 6. HP: 30/32 MP: 10/10
  4056 | D:4      | Killed Duvessa
  4128 | D:4      | Noticed Dowan
  4314 | D:4      | Reached XP level 7. HP: 36/36 MP: 7/11
  4415 | D:4      | Found a staircase to the Ecumenical Temple.
  4429 | Temple   | Entered the Ecumenical Temple
  4674 | D:4      | Noticed Grinder
  4678 | D:4      | Paralysed by Grinder for 5 turns
  4782 | D:4      | Paralysed by Grinder for 7 turns
  4812 | D:4      | Paralysed by Grinder for 3 turns
  4815 | D:4      | Gained mutation: You occasionally shout uncontrollably at
                  | your foes. [potion of mutation]
  4815 | D:4      | Gained mutation: Your mind is acute. (Int +2) [potion of
                  | mutation]
  4817 | D:4      | Killed from afar by Grinder

Skill      XL: |  1  2  3  4  5  6 |
---------------+-------------------+-----
Stealth        | 3 4 |  4.1
Air Magic      | 1 2 3 |  3.0
Conjurations   | 2 3 |  3.3
Poison Magic   | 4 |  4.5
Spellcasting   | 3 |  3.1
Dodging        | |  2.4

Action                   |  1- 3 |  4- 6 |  7- 9 || total
-------------------------+-------+-------+-------++-------
Melee: Unarmed           |     4 |       |       ||     4
       Mace              |     8 |     3 |       ||    11
       Short sword       |       |     5 |    24 ||    29
 Cast: Sting             |    42 |     1 |       ||    43
       Poisonous Vapours |    17 |    43 |     1 ||    61
  Use: Scroll            |       |       |    15 ||    15
       Potion            |       |       |     4 ||     4
  Eat: Chunk             |    11 |    12 |       ||    23
Armor: Robe              |    14 |     6 |     3 ||    23
Dodge: Dodged            |    50 |    10 |    32 ||    92
